 Dungeon Crawl Stone Soup version 0.28.0-43-g3370ac3207 (webtiles) character file.

Game seed: 5925848222135016498

1922 issech the Cudgeller (level 8, -2/80 HPs)
             Began as a Troll Monk on Mar 23, 2022.
             Slain by an unseen horror (9 damage)
             ... on level 5 of the Dungeon.
             The game lasted 00:14:07 (3753 turns).

issech the Cudgeller (Troll Monk)                   Turns: 3753, Time: 00:14:08

Health: -2/80      AC:  5    Str: 26    XL:     8   Next: 96%
Magic:  7/7        EV: 11    Int:  6    God:
Gold:   112        SH:  0    Dex: 14    Spells: 7/7 levels left

rFire   . . .      SeeInvis .   u - +2 club (spect)
rCold   . . .      Faith    .   (no shield)
rNeg    . . .      Spirit   .   n - +0 animal skin
rPois   .          Reflect  .   (helmet restricted)
rElec   .          Harm     .   C - +0 cloak
rCorr   .          Rampage  .   (gloves unavailable)
Will    .....                   (boots unavailable)
Stlth   ++........              (no amulet)
HPRegen 1.03/turn               i - +6 ring of strength
MPRegen 0.10/turn               (no ring)

@: no status effects
A: large, unfitting armour, claws 3, regeneration 1, shaggy fur 1, tough skin 1
a: no special abilities


You were on level 5 of the Dungeon.
You visited 1 branch of the dungeon, and saw 5 of its levels.

You collected 161 gold pieces.
You spent 49 gold pieces at shops.

Inventory:

Hand Weapons
 a - a +0 mace
 b - a +1 short sword of speed
 g - a +0 whip of venom
 h - a +0 eveningstar
 m - a +4 mace of holy wrath
 u - a +2 spectral club (weapon)
 B - a +0 longbow
 E - a +0 giant spiked club
Missiles
 d - 121 stones (quivered)
 e - 110 arrows
 f - 14 poisoned darts
 o - 5 boomerangs
 r - 19 bolts
Armour
 n - a +0 animal skin (worn)
 C - a +0 cloak (worn)
Jewellery
 i - a +6 ring of strength (left claw)
 q - a ring of fire
Wands
 s - a wand of iceblast (12)
 z - a wand of charming (8)
 D - a wand of mindburst (13)
Scrolls
 p - a scroll of vulnerability
 x - a scroll of holy word
 A - a scroll of teleportation {unknown}
Potions
 c - 2 potions of heal wounds
 j - a potion of degeneration {unknown}
 k - 2 potions of brilliance {unknown}
 l - a potion of attraction {unknown}
 t - a potion of ambrosia {unknown}
 v - a potion of flight {unknown}


   Skills:
 + Level 5.0 Fighting
 + Level 7.7 Maces & Flails
 + Level 5.1 Dodging
 + Level 2.6 Stealth


You had 7 spell levels left.
You didn't know any spells.
Your spell library was empty.

Dungeon Overview and Level Annotations

Branches:
Dungeon (5/15)
 Temple: D:4-7

Altars:
Elyvilon

Shops:
D:4 [


Innate Abilities, Weirdness & Mutations

You are too large for most types of armour.
You have claws for hands.
Your natural rate of healing is unusually fast.
You are covered in fur. (AC +1)
You have tough skin. (AC +1)


Message History

You see here 7 gold pieces.
You closely miss something.
Your +2 spectral club hits something.
Something hits you. Something hits you! Something hits you but does no damage.
Something barely misses you.
You see here 7 gold pieces.
You now have 112 gold pieces (gained 7).
Something hits you. Something hits you but does no damage.
Something hits you but does no damage.
You start resting.
Something hits you! Something hits you but does no damage. Something hits you.
Something hits you.
* * * LOW HITPOINT WARNING * * *
Something hits you but does no damage.
You closely miss something.
Your +2 spectral club hits something!
Something hits you!
* * * LOW HITPOINT WARNING * * *
Something hits you.
* * * LOW HITPOINT WARNING * * *
You hit something but do no damage.
Your +2 spectral club hits something.
Something hits you.
* * * LOW HITPOINT WARNING * * *
Something hits you!
* * * LOW HITPOINT WARNING * * *
Unknown command.
Unknown command.
It was a potion of heal wounds.
You feel much better. Something hits you!
* * * LOW HITPOINT WARNING * * *
You miss something.
Your +2 spectral club hits something.
Something hits you but does no damage. Something hits you but does no damage.
Something hits you!
* * * LOW HITPOINT WARNING * * *
You hit something but do no damage.
Your +2 spectral club hits something.
Something hits you.
* * * LOW HITPOINT WARNING * * *
Something hits you!
You die...

#.....# ##.##. #####...#.##
#.....# #..#.. #.≈≈.##..#..#
#.....# #.##.##≈....≈##.#†.#
#.....# #.#..#..#>[#. #..#.#
###..####.#..#$$#.⌠#. #..#.#
###..#..#.##†#.≈$...≈##.##.#
..#.....#..#..## ##..#..#
..#.....##.##..######..##.##
..#......#.≈##..@...†.##≈.#
..#......##..##.8(.8.##..#
..#.......#...########...#
..#.......##..≈..≈≈..≈..#
..#..........≈..≈..≈..≈.#
###..########...≈..≈...##
###..####.####.≈....≈.##
.....>+......#####†####
†.....#............#


You could see a friendly +2 spectral club (summoned).

Vanquished Creatures
  A two-headed ogre (D:5)
  Sigmund (D:3)
  A black bear (D:5)
  2 ogres
  2 centaurs
  3 phantoms
  2 scorpions (D:5)
  A centaur zombie (D:5)
  2 hounds (D:5)
  Ijyb (D:3)
  3 iguanas
  Terence (D:2)
  An orc wizard (D:3)
  A hound zombie (D:3)
  2 howler monkey zombies (D:5)
  Robin (D:3)
  4 adders
  A shadow imp (D:5)
  An adder skeleton (D:4)
  A worm (D:3)
  4 dart slugs
  11 orcs
  5 ball pythons
  6 endoplasms
  2 giant cockroaches
  9 goblins
  9 hobgoblins
  10 jackals
  2 quokkas (D:2)
  2 bats (D:3)
  3 frilled lizards
  8 kobolds
  5 rats
108 creatures vanquished.

Notes
Turn   | Place    | Note
-------+----------+-------------------------------------------
     0 | D:1      | issech the Troll Monk began the quest for the Orb.
     0 | D:1      | Reached XP level 1. HP: 22/22 MP: 0/0
    84 | D:1      | Reached skill level 3 in Maces & Flails
    93 | D:1      | Reached XP level 2. HP: 29/29 MP: 1/1
   572 | D:1      | Reached XP level 3. HP: 24/36 MP: 2/2
  1024 | D:2      | Noticed Terence
  1031 | D:2      | Killed Terence
  1288 | D:2      | Reached XP level 4. HP: 44/44 MP: 3/3
  1352 | D:2      | Found a faded altar of an unknown god.
  1543 | D:3      | Noticed Robin
  1572 | D:3      | Killed Robin
  1573 | D:3      | Reached skill level 4 in Maces & Flails
  1723 | D:3      | Reached XP level 5. HP: 44/52 MP: 4/4
  1838 | D:3      | Found a white marble altar of Elyvilon.
  1862 | D:3      | Noticed Sigmund
  1914 | D:3      | Killed Sigmund
  1915 | D:3      | Reached skill level 5 in Maces & Flails
  1915 | D:3      | Reached XP level 6. HP: 46/61 MP: 5/5
  2100 | D:3      | Noticed Ijyb
  2112 | D:3      | Killed Ijyb
  2526 | D:4      | Reached XP level 7. HP: 39/67 MP: 6/6
  2890 | D:4      | Found Hudduz's Armour Shoppe.
  2897 | D:4      | Bought a +0 cloak for 49 gold pieces
  3128 | D:4      | Reached skill level 6 in Maces & Flails
  3298 | D:5      | Entered Level 5 of the Dungeon
  3513 | D:5      | Reached XP level 8. HP: 54/78 MP: 7/7
  3519 | D:5      | Noticed a two-headed ogre
  3574 | D:5      | Killed a two-headed ogre
  3575 | D:5      | Reached skill level 7 in Maces & Flails
  3575 | D:5      | Reached skill level 5 in Dodging
  3690 | D:5      | Reached skill level 5 in Fighting
  3748 | D:5      | HP: 1/80 [something (8)]
  3753 | D:5      | Slain by an unseen horror

Illustrated notes

Levels and vault maps discovered:
D:1:      nzn_arrival_depleted_hourglass, layout_rooms
D:2:      layout_basic, basic_ecumenical_altar, uniq_terence
D:3:      layout_basic, mainiacjoe_overflow_24_doors, uniq_robin, uniq_ijyb,
          uniq_sigmund
D:4:      layout_loops_corners, serial_shops, shop
D:5:      layout_gridville, minivault_26, nzn_random_ring

Skill      XL: |  1  2  3  4  5  6  7  8 |
---------------+-------------------------+-----
Maces & Flails | 3 4 5 6 7 |  7.7
Dodging        | 3 4 5 |  5.1
Fighting       | 3 4 5 |  5.0
Stealth        | 2 |  2.6

Action                   |  1- 3 |  4- 6 |  7- 9 || total
-------------------------+-------+-------+-------++-------
Melee: Mace              |    57 |    51 |       ||   108
       Eveningstar       |    49 |    44 |       ||    93
       Punch             |       |     1 |     1 ||     2
       Club              |       |    21 |   113 ||   134
  Use: Scroll            |       |       |     2 ||     2
       Potion            |       |       |     1 ||     1
 Stab: Sleeping          |     1 |     3 |     1 ||     5
       Distracted        |       |       |     1 ||     1
Armor: Robe              |    42 |    31 |     3 ||    76
       Animal skin       |       |       |    35 ||    35
Dodge: Dodged            |    80 |    59 |    55 ||   194
